 Dungeon Crawl Stone Soup version 0.23.2-1-ga50397a6bc (webtiles) character file.

Game seed: 7138381044562588550

4592 Mrkan the Grappler (level 10, -4/100 HPs)
             Began as a Troll Monk on May 21, 2019.
             Was a High Priest of Wu Jian.
             Slain by a killer bee (6 damage)
             ... on level 8 of the Dungeon.
             The game lasted 00:13:59 (5824 turns).

Mrkan the Grappler (Troll Monk)                     Turns: 5824, Time: 00:14:01

Health: -4/100     AC: 12    Str: 26    XL:     10   Next: 18%
Magic:  9/9        EV:  8    Int:  6    God:    Wu Jian [*****.]
Gold:   538        SH:  9    Dex: 15    Spells: 9/9 levels left

rFire    . . .     SeeInvis .     - Unarmed
rCold    . . .     Gourm    +   H - +0 shield
rNeg     + . .     Faith    .   m - +2 robe {rN+}
rPois    .         Spirit   .   (helmet restricted)
rElec    .         Reflect  .   e - +1 cloak
rCorr    .         Harm     .   (gloves unavailable)
MR       .....                  (boots unavailable)
Stlth    ++........             (no amulet)
HPRegen  0.66/turn              n - +5 ring of strength
MPRegen  0.11/turn              l - +2 ring of protection

@: lethally poisoned (-4 -> -27), about to teleport
A: large, unfitting armour, claws 3, fast metabolism 3, gourmand, regeneration
1, shaggy fur 1, tough skin 3
a: Wall Jump, Serpent's Lash, Heavenly Storm, Renounce Religion


You were on level 8 of the Dungeon.
You worshipped Wu Jian.
Wu Jian was extremely pleased with you.
You were full.

You visited 2 branches of the dungeon, and saw 9 of its levels.
You also visited: Sewer.

You collected 538 gold pieces.

Inventory:

Hand Weapons
 r - a +1 flail of crushing
 B - a +0 morningstar
Missiles
 I - 2 needles of confusion
Armour
 a - a +0 robe
 e - a +1 cloak (worn)
 m - a +2 robe of positive energy (worn)
 H - a +0 shield (worn)
Jewellery
 h - an uncursed amulet of magic regeneration {unknown}
 j - an uncursed ring of see invisible
 l - a +2 ring of protection (right claw)
 n - a +5 ring of strength (left claw)
 C - an uncursed ring of ice {unknown}
 R - an uncursed ring of ice {unknown}
Wands
 u - a wand of polymorph (13)
 D - a wand of random effects (10)
 K - a wand of iceblast (4)
 M - a wand of flame (21)
Scrolls
 c - 2 scrolls of fog
 d - 2 scrolls of teleportation
 i - 3 scrolls of blinking {unknown}
 k - 2 scrolls of fear {unknown}
 s - 3 scrolls of random uselessness {unknown}
 t - 3 scrolls of noise {unknown}
 y - 5 scrolls of remove curse
 E - 2 scrolls of enchant weapon
 J - a scroll of immolation {unknown}
 L - 2 scrolls of enchant armour {unknown}
 N - a scroll of torment {unknown}
 P - a scroll of amnesia
 Q - a scroll of identify
 S - a scroll of magic mapping {unknown}
Potions
 f - 10 potions of curing
 g - 2 potions of degeneration {unknown}
 o - 2 potions of flight {unknown}
 p - 7 potions of brilliance {unknown}
 q - 2 potions of magic {unknown}
 v - 3 potions of might {unknown}
 w - 3 potions of agility {unknown}
 x - 2 potions of heal wounds
 z - a potion of invisibility {unknown}
 A - 2 potions of mutation {unknown}
 F - 2 potions of haste {unknown}
 G - 2 potions of cancellation {unknown}
 O - a potion of lignification {unknown}
Comestibles
 b - 13 rations


   Skills:
 + Level 6.3 Fighting
 - Level 7.6 Throwing
 - Level 2.4 Dodging
 - Level 1.0 Stealth
 * Level 2.3 Shields
 - Level 10.2 Unarmed Combat


You had 9 spell levels left.
You didn't know any spells.
Your spell library contained the following spells:

 Spells                   Type           Power        Failure   Level  Hunger
 Beastly Appendage        Tmut           #.....       90%         1    ##.....
 Corpse Rot               Necr           N/A          97%         2    ###....
 Sticks to Snakes         Tmut           #.......     97%         2    ###....
 Spider Form              Tmut/Pois      #.........   99%         3    ####...
 Stone Arrow              Conj/Erth      #.....       99%         3    ####...
 Ice Form                 Ice/Tmut       #.......     100%        4    #####..
 Leda's Liquefaction      Hex/Erth       #.........   100%        4    #####..
 Blade Hands              Tmut           #.........   100%        5    ######.
 Summon Forest            Summ/Tloc      #.........   100%        5    ######.
 Hydra Form               Tmut           #.........   100%        6    #######
 Summon Hydra             Summ           #.........   100%        7    #######


Dungeon Overview and Level Annotations

Branches:
Dungeon (8/15)             Temple (1/1) D:4
   Lair: D:8-11

Altars:
Ashenzari
Cheibriados
Dithmenos
Elyvilon
Fedhas
Gozag
Hepliaklqana
Kikubaaqudgha
Makhleb
Okawaru
Trog
Wu Jian
Xom


Innate Abilities, Weirdness & Mutations

You are too large for most types of armour.
You have claws for hands.
Your metabolism is lightning-fast.
You like to eat raw meat.
Your natural rate of healing is unusually fast.
You are covered in fur. (AC +1)
You have extremely tough skin. (AC +3)


Message History

You block the killer bee's attack. The killer bee barely misses you.
The killer bee stings you but does no damage.
You block the killer bee's attack.
The killer bee stings you but does no damage. x2
You block the killer bee's attack. The killer bee barely misses you.
You hear an angry buzzing noise.
As you read the scroll of teleportation, it crumbles to dust.
You feel strangely unstable.
* * * LOW HITPOINT WARNING * * *
You feel very sick.
You hear an angry buzzing noise.
The killer bee stings you but does no damage.
The killer bee stings you!
* * * LOW HITPOINT WARNING * * *
You are more poisoned.
The killer bee poisons you! You block the killer bee's attack.
The killer bee completely misses you. The killer bee stings you.
* * * LOW HITPOINT WARNING * * *
You block the killer bee's attack. The killer bee stings you.
You die...

## ..... #.. #.#.. #.. #.#.#
####.. ## #.#.# .....##.#
##.#.## #.#.. #.# #.....####
#....###.####........#
#.#.yyy##.#...........
###########.#..@yyy.............
#........##.######y.............
#........##.# #####.##.######
#........##.# #.##.###...
#.....(..##.# ..##.##..##
#...........######## .## .#..###
#....<(............. . ......#
#.........#..#######.# #..# #..
#.........##.........###..####..


You could see 7 killer bees.

Vanquished Creatures
  A queen bee (D:8)
  A hippogriff (D:7)
  2 wyverns
  A vampire (D:7)
  A water moccasin (D:7)
  Duvessa (D:7)
  An orc warrior (D:6)
  A sky beast (D:8)
  2 ice beasts (D:5)
  A black bear (D:8)
  2 necrophages
  3 phantoms
  An eye of draining (D:8)
  2 ogres
  A centaur (D:6)
  3 big kobolds (Sewer)
  4 bullfrogs
  3 scorpions
  A wyvern skeleton (D:7)
  Dowan (D:7)
  A killer bee (D:8)
  5 wights (D:8)
  4 howler monkeys
  6 crimson imps
  A centaur zombie (D:5)
  5 hounds
  A bullfrog skeleton (D:5)
  4 orc priests
  Crazy Yiuf (D:2)
  4 iguanas
  5 orc wizards
  A worker ant (D:5)
  A killer bee zombie (D:7)
  A hound skeleton (D:7)
  A worker ant zombie (D:8)
  13 adders
  7 river rats
  A shadow imp (D:7)
  2 oozes
  An adder skeleton (D:7)
  A worm (D:2)
  2 dart slugs
  6 leopard geckos
  15 orcs
  5 giant cockroaches
  6 goblins
  9 hobgoblins
  2 jackals (D:5)
  22 kobolds
  5 quokkas
  5 ball pythons
  8 bats
  8 frilled lizards
  A jackal zombie (D:5)
  30 rats
223 creatures vanquished.

Vanquished Creatures (others)
  A quokka (D:6)
1 creature vanquished.

Grand Total: 224 creatures vanquished

Notes
Turn   | Place    | Note
-------+----------+-------------------------------------------
     0 | D:1      | Mrkan the Troll Monk began the quest for the Orb.
     0 | D:1      | Reached XP level 1. HP: 22/22 MP: 0/0
   301 | D:1      | Reached XP level 2. HP: 29/29 MP: 1/1
   467 | D:1      | Reached skill level 4 in Unarmed Combat
   782 | D:1      | Reached XP level 3. HP: 36/36 MP: 2/2
  1154 | D:2      | Reached XP level 4. HP: 42/44 MP: 3/3
  1235 | D:2      | Reached skill level 5 in Unarmed Combat
  1253 | D:2      | Found a runed translucent door.
  1254 | D:2      | Noticed Crazy Yiuf
  1467 | D:2      | Killed Crazy Yiuf
  1730 | D:3      | Found a blossoming altar of Fedhas.
  1783 | D:3      | Reached XP level 5. HP: 50/50 MP: 4/4
  1933 | D:3      | Found a shattered altar of Ashenzari.
  2054 | D:4      | Noticed a phantom
  2073 | D:4      | Killed a phantom
  2073 | D:4      | Reached skill level 6 in Unarmed Combat
  2131 | D:4      | Reached XP level 6. HP: 48/59 MP: 5/5
  2136 | D:4      | Reached skill level 7 in Unarmed Combat
  2264 | D:4      | Found a staircase to the Ecumenical Temple.
  2273 | Temple   | Entered the Ecumenical Temple
  2479 | Temple   | Became a worshipper of the Wu Jian Council
  2479 | Temple   | Reached * piety under Wu Jian
  2479 | Temple   | Reached ** piety under Wu Jian
  2642 | D:4      | Found a glowing drain.
  2651 | Sewer    | Entered a sewer
  2695 | Sewer    | Reached skill level 8 in Unarmed Combat
  2697 | Sewer    | Reached XP level 7. HP: 63/66 MP: 6/6
  2876 | Sewer    | Reached *** piety under Wu Jian
  2971 | Sewer    | Reached skill level 9 in Unarmed Combat
  3414 | D:5      | Entered Level 5 of the Dungeon
  3415 | D:5      | Noticed a wyvern
  3425 | D:5      | Killed a wyvern
  3476 | D:5      | Reached XP level 8. HP: 58/74 MP: 7/7
  3495 | D:5      | Reached skill level 10 in Unarmed Combat
  3520 | D:5      | Reached skill level 1 in Throwing
  3805 | D:5      | Reached **** piety under Wu Jian
  4103 | D:6      | Reached skill level 5 in Fighting
  4103 | D:6      | Reached XP level 9. HP: 80/87 MP: 8/8
  4115 | D:6      | Found a white marble altar of Elyvilon.
  4640 | D:7      | Found an iron altar of Okawaru.
  4867 | D:7      | Reached skill level 5 in Throwing
  5074 | D:7      | Noticed Dowan
  5081 | D:7      | Noticed Duvessa
  5084 | D:7      | Killed Dowan
  5090 | D:7      | Killed Duvessa
  5494 | D:8      | Reached ***** piety under Wu Jian
  5539 | D:8      | Reached XP level 10. HP: 93/97 MP: 3/9
  5633 | D:8      | Reached skill level 1 in Shields
  5820 | D:8      | HP: 4/98 [killer bee (2)]
  5824 | D:8      | Slain by a killer bee

Skill      XL: |  1  2  3  4  5  6  7  8  9 10 |
---------------+-------------------------------+-----
Unarmed Combat | 4 5 6 8 9 10 | 10.2
Fighting       | 5 6 |  6.3
Throwing       | 3 7 |  7.6
Shields        | 2 |  2.3
Dodging        | |  2.4
Stealth        | |  1.0

Action                   |  1- 3 |  4- 6 |  7- 9 | 10-12 || total
-------------------------+-------+-------+-------+-------++-------
Melee: Unarmed           |    95 |   138 |   338 |    37 ||   608
       Punch             |     1 |     1 |    11 |       ||    13
Invok: Whirlwind         |       |    19 |    54 |    16 ||    89
       Lunge             |       |     7 |    27 |     3 ||    37
  Use: Scroll            |       |       |    10 |     1 ||    11
       Potion            |       |       |     1 |     2 ||     3
 Stab: Sleeping          |     2 |     7 |     3 |       ||    12
       Distracted        |     1 |     1 |       |       ||     2
  Eat: Chunk             |    16 |    10 |    27 |     3 ||    56
Armor: Robe              |    44 |    47 |   102 |    22 ||   215
Dodge: Dodged            |    49 |    43 |   109 |    28 ||   229
Block: Shield            |       |       |    30 |    30 ||    60
